 Dungeon Crawl Stone Soup version 0.17-a0-1534-gf98da79 (webtiles) character file.

130 namelastname112 the Cudgeler (level 4, -9/38 HPs)
             Began as a Draconian Skald on July 17, 2015.
             Mangled by Terence
             ... wielding a +1 short sword of electrocution
              (13 damage)
             ... on level 3 of the Dungeon.
             The game lasted 00:03:59 (2163 turns).

namelastname112 the Cudgeler (Draconian Skald)      Turns: 2163, Time: 00:03:59

Health: -9/38      AC:  5    Str: 14    XL:     4   Next: 90%
Magic:  2/2        EV: 12    Int: 12    God:
Gold:   65         SH:  0    Dex: 12    Spells: 1 memorised, 6 levels left

rFire  . . .     SeeInvis .     l - +2 whip (antimagic)
rCold  + . .     Clarity  .     (armour unavailable)
rNeg   . . .     SustAt   .     (no shield)
rPois  .         Gourm    .     (helmet restricted)
rElec  .         Spirit   .     (no cloak)
rCorr  .         Warding  .     (no gloves)
rMut   .         Stasis   .     (no boots)
MR     .....                    (no amulet)
Stlth  +.........               (no ring)
                                n - ring of protection from cold

@: not resistant to hostile enchantments, very unstealthy
A: unfitting armour, cold-blooded, AC +5
a: no special abilities


You were on level 3 of the Dungeon.
You were not hungry.

You visited 1 branch of the dungeon, and saw 3 of its levels.

You collected 65 gold pieces.

Inventory:

Hand weapons
 l - a +2 antimagic whip (weapon)
Jewellery
 n - a ring of protection from cold (left hand)
Scrolls
 d - 8 scrolls of identify {unknown}
 e - a scroll of teleportation {unknown}
 f - a scroll of amnesia {unknown}
 g - a scroll of remove curse {unknown}
 k - a scroll of blinking {unknown}
Potions
 h - 2 potions of curing
 i - a potion of agility {unknown}
 j - a potion of ambrosia {unknown}
 m - a potion of poison {unknown}
 o - 2 potions of degeneration {unknown}
Books
 b - a book of Battle

   Spells                             Type                      Level
   a - Infusion                       Charms                       1
   b - Shroud of Golubria             Charms/Translocation         2
   c - Song of Slaying                Charms                       2
   d - Spectral Weapon                Hexes/Charms                 3
   e - Regeneration                   Charms/Necromancy            3
Comestibles
 a - a chunk of flesh
 c - a bread ration


   Skills:
 + Level 3.0 Fighting
 * Level 4.0 Maces & Flails
 + Level 2.5 Dodging
 - Level 2.0 Spellcasting
 - Level 2.6 Charms


You had 6 spell levels left.
You knew the following spells:

 Your Spells              Type           Power        Failure   Level  Hunger
a - Infusion              Chrm           #.....       12%         1    ##.....


Dungeon Overview and Level Annotations

Branches:
Dungeon (3/15)

Altars:
Dithmenos
Yredelemnul

Annotations:
D:3 Terence


Innate Abilities, Weirdness & Mutations

Your plain brown scales are hard (AC +5).
Your body does not fit into most forms of armour.
You are cold-blooded and may be slowed by cold attacks.


Message History

Unknown command.
Terence says, "Don't bother to defend, it's pointless."
Terence says, "Time to say good-bye..."
Terence looks scornfully at you.
Terence shouts, "DIE!!!"
You barely miss Terence.
You tail-slap Terence, but do no damage.
Terence misses you.
You hit Terence.
Terence is moderately wounded.
Terence barely misses you.
You hit Terence but do no damage.
Terence is moderately wounded.
Terence closely misses you.
You whack Terence!
Your tail-slap misses Terence.
Terence is severely wounded.
Terence hits you with a short sword of electrocution!
* * * LOW HITPOINT WARNING * * *
You are electrocuted!
You die...

..# #.# # #.# # #.# # #.#
######### # #.# #.......# ###.#
######.#####.#
#...##############.......<..#.#
...............@@.......>##.#.#
##########.#######.#..#.....#'###
.....# #.# #.#..##.........
.###.# #.# #.#..#....รท[.... .#
#.# #.#..#.......... .#
##.#######.#<.#.......... ..
...........##.#.......... ...
#.#..........#...(...... ###
#+####.#####.#..........


You could see Terence.

Vanquished Creatures
  A centaur skeleton (D:3)
  3 adders
  An ooze (D:1)
  3 worms (D:2)
  3 giant geckos
  An orc (D:3)
  4 giant cockroaches
  2 gnoll zombies (D:2)
  4 goblins
  8 hobgoblins
  4 jackals (D:2)
  2 quokkas (D:3)
  6 bats
  6 giant newts
  6 kobolds
  5 rats
59 creatures vanquished.

Notes
Turn   | Place    | Note
--------------------------------------------------------------
     0 | D:1      | namelastname112 the Draconian Skald began the quest for the Orb.
     0 | D:1      | Reached XP level 1. HP: 17/17 MP: 3/3
   208 | D:1      | Reached XP level 2. HP: 12/24 MP: 5/5
   672 | D:2      | Reached XP level 3. HP: 10/30 MP: 6/6
   941 | D:2      | Reached skill level 3 in Maces & Flails
  1272 | D:2      | Found a basalt altar of Yredelemnul.
  1459 | D:2      | Found a shadowy altar of Dithmenos.
  1549 | D:2      | Reached XP level 4. HP: 20/37 MP: 2/7
  2027 | D:3      | Reached skill level 4 in Maces & Flails
  2135 | D:3      | Noticed Terence
  2163 | D:3      | Mangled by Terence

Vault maps used:
D:1:      lemuel_arrival_room, serial_glass, glass_columns_b, glass_columns_b,
          glass_columns_c, glass_columns_a
D:2:      lemuel_zombie_altar_yredelemnul, nicolae_overflow_crystal_walls,
          amethyst_killhole, grunt_decor_mini_mirrors
D:3:      ecumenical_altar_2, uniq_jessica, uniq_terence, uniq_sigmund

Action                   |  1- 3 |  4- 6 || total
-------------------------+-------+-------++-------
Melee: Mace              |   128 |       ||   128
       Whip              |    64 |    78 ||   142
  Use: Potion            |     1 |       ||     1
 Stab: Sleeping          |       |     2 ||     2
  Eat: Chunk             |     2 |     2 ||     4
